[Event "Titled Tuesday Blitz November 08 Early 2022"]
[White "Pranav, V"]
[Black "Bacrot, Etienne"]
[WhiteFideId "25060783"]
[BlackFideId "605506"]
[WhiteElo "2430"]
[BlackElo "2666"]
[Result "0-1"]
[Round "03"]
[TimeControl "180+1"]
[Date "2022.11.08"]
[WhiteClock "0:00:05"]
[BlackClock "0:00:15"]

1. e4 g6 2. d4 Bg7 3. Nc3 d6 4. Bg5 h6 5. Bh4 a6 6. f4 Nd7 7. Nf3 c5 8. e5 cxd4 9. Qxd4 dxe5 10. fxe5 Nxe5 11. Qe3 Nxf3+ 12. Qxf3 Nf6 13. Bd3 O-O 14. h3 Qd4 15. Bg3 Bd7 16. O-O-O Bc6 17. Qe2 Nd5 18. Be1 Qe3+ 19. Bd2 Qxe2 20. Nxe2 Rad8 21. Rhe1 e6 22. Ng3 Rfe8 23. Ne4 f5 24. Nc5 e5 25. Bc4 Kh7 26. Ba5 b6 27. Bxd5 Rxd5 28. Rxd5 Bxd5 29. Bxb6 Bxg2 30. h4 e4 31. Nb3 f4 32. Bc7 f3 33. Bb6 Bf6 34. Bf2 e3 35. Rxe3 Rxe3 36. Bxe3 Bxh4 37. c4 f2 38. Nd2 f1=Q+ 39. Nxf1 Bxf1 40. c5 Bg2 41. Kc2 Bc6 42. Kc3 Kg7 43. Kb4 Bd8 44. a4 h5 45. Kc4 h4 46. b4 Bxa4 47. Kd5 h3 48. Bf4 Bg5 49. Bh2 Bd2 50. Kc4 Bb5+ 0-1


[Site "https://www.chess.com"]

[Event "Titled Tuesday Blitz November 08 Early 2022"]
[White "Prem, Pranav"]
[Black "Lorenzo De La Riva, Lazaro"]
[WhiteFideId "30901057"]
[BlackFideId "2268809"]
[WhiteElo "1970"]
[BlackElo "2294"]
[Result "1-0"]
[Round "03"]
[TimeControl "180+1"]
[Date "2022.11.09"]
[WhiteClock "0:00:12"]
[BlackClock "0:00:05"]

1. d4 Nf6 2. c4 c5 3. d5 b5 4. cxb5 a6 5. bxa6 g6 6. Nc3 Bg7 7. e4 O-O 8. Nf3 d6 9. Nd2 Bxa6 10. Bxa6 Rxa6 11. O-O Nbd7 12. Qe2 Qa8 13. Nc4 Nb6 14. Bd2 Na4 15. Nxa4 Rxa4 16. a3 Nd7 17. Rab1 Rb8 18. b3 Ra7 19. a4 Ne5 20. f4 Nxc4 21. Qxc4 Bd4+ 22. Kh1 Rab7 23. a5 f5 24. exf5 gxf5 25. Rf3 Kf7 26. Qd3 Kf6 27. Bc3 Bxc3 28. Qxc3+ Kf7 29. Qd3 Kf6 30. Rh3 Qxa5 31. Rh6+ Kf7 32. Qxf5+ Ke8 33. Rxh7 Kd8 34. Qe6 Kc7 35. Rxe7+ Kb6 36. Qxd6+ Ka7 37. Rxb7+ Rxb7 38. h3 Qc3 39. Qc6 Qc2 40. Ra1+ Kb8 41. d6 Qc3 42. Qe8# 1-0


[Site "https://www.chess.com"]

[Event "Titled Tuesday Blitz November 08 Early 2022"]
[White "Principe, Gerson"]
[Black "Moaataz, Ayah"]
[WhiteFideId "3804550"]
[BlackFideId "10615873"]
[WhiteElo "2280"]
[BlackElo "1993"]
[Result "1/2-1/2"]
[Round "03"]
[TimeControl "180+1"]
[Date "2022.11.09"]
[WhiteClock "0:00:08"]
[BlackClock "0:00:32"]

1. Nf3 d5 2. b3 Nf6 3. Bb2 g6 4. e3 Bg7 5. Be2 O-O 6. O-O c5 7. d4 b6 8. Nbd2 Bb7 9. c4 e6 10. Rc1 Nbd7 11. cxd5 Nxd5 12. Qc2 Rc8 13. Qb1 cxd4 14. Nxd4 Ne5 15. Rfd1 Qe7 16. Nb5 a6 17. Ba3 Nb4 18. Nd4 a5 19. Nc4 Nxc4 20. Bxc4 Rfd8 21. Nb5 Rc5 22. Bxb4 axb4 23. Bf1 h5 24. Rxd8+ Qxd8 25. Rd1 Qg5 26. Nd6 Bf3 27. Ne4 Qg4 28. Nxc5 Bxd1 29. h3 Qg5 30. Nxe6 fxe6 31. Qxd1 Qd5 32. Qc2 Kf7 33. Bc4 Qe5 34. Qd2 Qa1+ 35. Kh2 Qe5+ 36. f4 Qc7 37. Qxb4 Qc5 38. Qd2 Qc6 39. Qd3 Bf6 40. a4 Be7 41. Qd4 Bc5 42. Qh8 Bxe3 43. Qh7+ Kf6 44. Qh8+ Kf7 45. Qh7+ Kf6 46. Qh8+ Kf7 1/2-1/2


[Site "https://www.chess.com"]

[Event "Titled Tuesday Blitz November 08 Early 2022"]
[White "Prydun, Andriy"]
[Black "Levine, David"]
[WhiteFideId "14145898"]
[BlackFideId "2011611"]
[WhiteElo "2163"]
[BlackElo "2177"]
[Result "1-0"]
[Round "03"]
[TimeControl "180+1"]
[Date "2022.11.09"]
[WhiteClock "0:00:40"]
[BlackClock "0:00:45"]

1. e4 e5 2. Nf3 Nc6 3. Nc3 Nf6 4. d4 exd4 5. Nxd4 Bb4 6. Nxc6 bxc6 7. Bd3 d5 8. Bd2 O-O 9. O-O Bg4 10. f3 Be6 11. Qe1 Re8 12. Rd1 Rb8 13. b3 a5 14. Qg3 Nh5 15. Qf2 Qd6 16. Kh1 Nf4 17. Na4 Bxd2 18. Qxd2 d4 19. Qxa5 Rb5 20. Bxb5 Qe5 21. Nb2 Qg5 22. Qd2 cxb5 23. Nd3 1-0


[Site "https://www.chess.com"]

[Event "Titled Tuesday Blitz November 08 Early 2022"]
[White "Przybylski, Wojciech"]
[Black "Johnson, Ben"]
[WhiteFideId "1117599"]
[BlackFideId "2010917"]
[WhiteElo "2221"]
[BlackElo "2144"]
[Result "1-0"]
[Round "03"]
[TimeControl "180+1"]
[Date "2022.11.09"]
[WhiteClock "0:01:37"]
[BlackClock "0:00:32"]

1. e4 c5 2. Nf3 Nc6 3. d4 cxd4 4. Nxd4 Nf6 5. Nc3 e5 6. Ndb5 d6 7. Bg5 a6 8. Na3 b5 9. Nd5 Be7 10. Bxf6 Bxf6 11. c3 O-O 12. Nc2 Rb8 13. a4 bxa4 14. Ncb4 Nxb4 15. cxb4 Be6 16. Rxa4 Bg5 17. Bxa6 Bxd5 18. Qxd5 Qd7 19. b5 Qg4 20. O-O h5 21. h3 Qe6 22. Qxe6 fxe6 23. Rd1 Rb6 24. Rc4 Rfb8 25. Rc6 Rxb5 26. Bxb5 Rxb5 27. Rdxd6 Rxb2 28. Rxe6 Bf6 29. Rxf6 gxf6 30. Rxf6 Re2 31. f3 1-0


[Site "https://www.chess.com"]

[Event "Titled Tuesday Blitz November 08 Early 2022"]
[White "Pultinevicius, Paulius"]
[Black "Guz, Ari"]
[WhiteFideId "12809390"]
[BlackFideId "2825759"]
[WhiteElo "2493"]
[BlackElo "2205"]
[Result "1-0"]
[Round "03"]
[TimeControl "180+1"]
[Date "2022.11.09"]
[WhiteClock "0:00:07"]
[BlackClock "0:00:08"]

1. d4 d5 2. c3 c5 3. dxc5 a5 4. e4 e6 5. Be3 dxe4 6. Qxd8+ Kxd8 7. Nd2 Nf6 8. Nh3 h6 9. O-O-O Ke8 10. Nc4 Nbd7 11. Nd6+ Bxd6 12. cxd6 b6 13. a4 Ba6 14. Bxa6 Rxa6 15. Nf4 Nc5 16. Kc2 Kd7 17. b3 Rc8 18. h3 Rc6 19. Rd2 Rxd6 20. Bd4 e5 21. Bxe5 Rxd2+ 22. Kxd2 Nxb3+ 23. Ke3 Nc5 24. Rd1+ Ke8 25. Rd4 Ra7 26. Bxf6 gxf6 27. Nd5 f5 28. Nxb6 Rb7 29. Nc4 Rb3 30. Nd6+ Kf8 31. Rc4 f4+ 32. Kxf4 Nd3+ 33. Ke3 Nb2 34. Rc8+ Kg7 35. Nxe4 Nxa4 36. Kd3 Rb2 37. Ra8 f5 38. Ng3 Nc5+ 39. Kc4 Nb7 40. Nxf5+ Kg6 41. Ne3 Rxf2 42. Ra7 Nd6+ 43. Kd3 Nf5 44. Ra6+ Kg7 45. Ra7+ Kg6 46. g4 Nxe3 47. Kxe3 Rh2 48. Kd4 Rxh3 49. c4 Rg3 50. c5 Rxg4+ 51. Kd5 Rg1 52. c6 Rc1 53. Rxa5 h5 54. Rc5 Rd1+ 55. Ke6 Rd8 56. c7 Rc8 57. Kd7 Rxc7+ 58. Kxc7 h4 59. Kb6 h3 60. Rc3 1-0


[Site "https://www.chess.com"]

[Event "Titled Tuesday Blitz November 08 Early 2022"]
[White "Raahul V S"]
[Black "Zia, Tahsin Tajwar"]
[WhiteFideId "25035525"]
[BlackFideId "10211888"]
[WhiteElo "2233"]
[BlackElo "2061"]
[Result "0-1"]
[Round "03"]
[TimeControl "180+1"]
[Date "2022.11.09"]
[WhiteClock "0:00:12"]
[BlackClock "0:00:13"]

1. b3 Nf6 2. Bb2 g6 3. g3 Bg7 4. Bg2 O-O 5. Nf3 d6 6. d4 e5 7. dxe5 Nfd7 8. O-O Nc6 9. a4 Ndxe5 10. Nxe5 Nxe5 11. Ra2 Nc6 12. Bxg7 Kxg7 13. a5 a6 14. Nc3 Be6 15. Ra4 Qf6 16. Qd2 Rfe8 17. Re1 h5 18. Rf4 Qe7 19. Nd5 Bxd5 20. Bxd5 f6 21. Qc3 Qe5 22. Qd2 Rab8 23. h4 Ne7 24. Bf3 Nf5 25. Rc4 c6 26. Re4 Qxe4 27. Bxe4 Rxe4 28. Kg2 d5 29. f3 Re3 30. Kf2 Rbe8 31. c3 R3e7 32. Rc1 c5 33. b4 cxb4 34. cxb4 d4 35. Rc4 Re3 36. g4 hxg4 37. fxg4 Nxh4 38. Rxd4 R3e7 39. Rd7 g5 40. Qd6 Ng6 41. Rd8 Rxe2+ 42. Kf3 R8e3# 0-1


[Site "https://www.chess.com"]

[Event "Titled Tuesday Blitz November 08 Early 2022"]
[White "Reprintsev, Alexander"]
[Black "Kuchava, Ana"]
[WhiteFideId "14100541"]
[BlackFideId "13605348"]
[WhiteElo "2230"]
[BlackElo "2001"]
[Result "1-0"]
[Round "03"]
[TimeControl "180+1"]
[Date "2022.11.09"]
[WhiteClock "0:01:00"]
[BlackClock "0:00:11"]

1. e4 c5 2. b3 Nc6 3. Bb2 d6 4. Bb5 Bd7 5. Ne2 Nf6 6. d3 g6 7. Bxf6 exf6 8. c4 Bg7 9. Nbc3 O-O 10. O-O f5 11. Bxc6 bxc6 12. Rc1 Qc7 13. Qd2 Rfe8 14. Ng3 fxe4 15. dxe4 Rad8 16. f4 Bd4+ 17. Kh1 Bc8 18. Nce2 Bg7 19. Ng1 Bb7 20. Nf3 d5 21. e5 dxc4 22. Qc3 cxb3 23. axb3 Ba6 24. Rfe1 Rd3 25. Qxc5 Rxb3 26. Ne4 Qb6 27. Nfg5 Qxc5 28. Nxc5 Bb5 29. Nxb3 Bf8 30. Nd4 a6 31. Nxc6 Bxc6 32. Rxc6 h6 33. Ne4 Be7 34. Rxa6 1-0


[Site "https://www.chess.com"]

[Event "Titled Tuesday Blitz November 08 Early 2022"]
[White "Rodriguez Fontecha, Marcos"]
[Black "Rios Escobar, Adan"]
[WhiteFideId "2256576"]
[BlackFideId "3403645"]
[WhiteElo "2263"]
[BlackElo "2346"]
[Result "0-1"]
[Round "03"]
[TimeControl "180+1"]
[Date "2022.11.09"]
[WhiteClock "0:01:11"]
[BlackClock "0:00:26"]

1. d4 Nf6 2. Nf3 g6 3. Bf4 Bg7 4. Nc3 d5 5. Qd2 c6 6. Bh6 Bxh6 7. Qxh6 b5 8. O-O-O Qa5 9. a3 b4 10. axb4 Qa1+ 11. Nb1 Na6 12. c3 Bf5 13. Nd2 Rb8 14. e4 Nxe4 15. Nxe4 Bxe4 16. Bd3 Nxb4 17. cxb4 Rxb4 18. Qd2 Bxd3 19. Qxb4 Qxb1+ 20. Kd2 Qc2+ 21. Ke3 Qe2+ 22. Kf4 Qxf2+ 23. Kg5 h6+ 24. Kg4 Bf5# 0-1


[Site "https://www.chess.com"]

[Event "Titled Tuesday Blitz November 08 Early 2022"]
[White "Ronka, Erik"]
[Black "Kozak, Antoni"]
[WhiteFideId "505080"]
[BlackFideId "21832030"]
[WhiteElo "2264"]
[BlackElo "2447"]
[Result "1-0"]
[Round "03"]
[TimeControl "180+1"]
[Date "2022.11.09"]
[WhiteClock "0:00:12"]
[BlackClock "0:00:08"]

1. e4 c5 2. Nf3 d6 3. d4 cxd4 4. Nxd4 Nf6 5. Nc3 a6 6. Be3 e5 7. Nb3 Be6 8. f3 h5 9. Nd5 Bxd5 10. exd5 Nbd7 11. Qd2 g6 12. O-O-O Nb6 13. Kb1 Nfxd5 14. Bf2 Be7 15. Qa5 Bg5 16. Rxd5 Nxd5 17. Qxd5 O-O 18. Bd3 b5 19. Bxg6 h4 20. Bf5 a5 21. Nd2 Qf6 22. Bg4 Bxd2 23. Qxd2 b4 24. Qd5 a4 25. Be1 b3 26. Bc3 Qg6 27. Qd3 f5 28. Bh3 bxa2+ 29. Kxa2 Qe6+ 30. Ka1 a3 31. b3 Rac8 32. g4 f4 33. Rd1 Rc6 34. g5 Qxh3 35. Qd5+ Kg7 36. Qxc6 Rc8 37. Qxd6 Rxc3 38. Qxe5+ Kg6 39. Qf6+ Kh5 40. Qh6# 1-0


[Site "https://www.chess.com"]

[Event "Titled Tuesday Blitz November 08 Early 2022"]
[White "Rose, Felix"]
[Black "Grigorov, Grigor"]
[WhiteFideId "5105722"]
[BlackFideId "2907313"]
[WhiteElo "2039"]
[BlackElo "2510"]
[Result "0-1"]
[Round "03"]
[TimeControl "180+1"]
[Date "2022.11.09"]
[WhiteClock "0:00:09"]
[BlackClock "0:01:25"]

1. e4 c6 2. d4 d5 3. e5 Bf5 4. h4 h5 5. Bd3 Bxd3 6. Qxd3 Qa5+ 7. Nd2 e6 8. Nf3 Nh6 9. O-O Nf5 10. c4 Be7 11. g3 Nd7 12. cxd5 Qxd5 13. Rd1 c5 14. Qe4 cxd4 15. Qxd5 exd5 16. Nb3 Nc5 17. Nbxd4 Nxd4 18. Rxd4 O-O-O 19. Bg5 Bxg5 20. Nxg5 Ne6 21. Rd2 Nxg5 22. hxg5 Rd7 23. Rc1+ Kb8 24. Rcd1 Rhd8 25. g6 fxg6 26. e6 Re7 27. Rxd5 Rxd5 28. Rxd5 Rxe6 29. Rd7 a5 30. Rxg7 a4 31. Kg2 Ka7 32. Kf3 Kb6 33. Kf4 Rf6+ 34. Kg5 Rxf2 35. Rxg6+ Kc5 36. b3 a3 37. b4+ Kb5 38. Rg7 b6 39. Kxh5 Rxa2 40. Ra7 Kxb4 41. g4 Rh2+ 42. Kg6 a2 43. g5 Kb3 44. Kg7 Kb2 45. g6 a1=Q 46. Rxa1 Kxa1 0-1


[Site "https://www.chess.com"]

[Event "Titled Tuesday Blitz November 08 Early 2022"]
[White "Rottenwohrer Suarez, Juan"]
[Black "Danielyan, Vahe"]
[WhiteFideId "32068182"]
[BlackFideId "13304828"]
[WhiteElo "2195"]
[BlackElo "2423"]
[Result "1-0"]
[Round "03"]
[TimeControl "180+1"]
[Date "2022.11.09"]
[WhiteClock "0:00:38"]
[BlackClock "0:00:01"]

1. e4 Nf6 2. e5 Nd5 3. d4 d6 4. Nf3 Bg4 5. Be2 e6 6. O-O Bxf3 7. Bxf3 dxe5 8. dxe5 Nc6 9. c4 Nb6 10. Bxc6+ bxc6 11. Qf3 Be7 12. Rd1 Qc8 13. Qxc6+ Kf8 14. h3 Qe8 15. Qe4 Rd8 16. Rxd8 Qxd8 17. Nc3 h6 18. Be3 g5 19. Rd1 Qc8 20. Nb5 Kg7 21. Nxa7 Qa6 22. Nc6 Re8 23. Nxe7 Rxe7 24. h4 Qxc4 25. Qxc4 Nxc4 26. hxg5 hxg5 27. Bxg5 Re8 28. Bf6+ Kg6 29. b3 Nb6 30. g4 Nd5 31. Rc1 Ra8 32. Rc2 Rb8 33. Bh4 Rb4 34. f3 Rd4 35. Bf2 Rd1+ 36. Kg2 Ra1 37. Kg3 Rb1 38. f4 Rd1 39. Kf3 Rd3+ 40. Ke4 Rh3 41. f5+ Kg5 42. Rc6 Nc3+ 43. Kd4 Nd1 44. Be1 exf5 45. gxf5 Rh8 46. Rxc7 Rd8+ 47. Ke4 Nb2 48. Rxf7 Nd3 49. Bd2+ Kh5 50. Be3 Ne1 51. e6 Ng2 52. e7 Re8 53. Bc5 Nf4 54. Rf8 Nd5 55. Rxe8 Nf6+ 56. Ke5 Nxe8 57. Be3 Kg4 58. f6 Kh5 59. f7 1-0


[Site "https://www.chess.com"]

[Event "Titled Tuesday Blitz November 08 Early 2022"]
[White "Sailer, Mike"]
[Black "Gonzalez, Francisco Silva"]
[WhiteFideId "2012901"]
[BlackFideId "1512285"]
[WhiteElo "2109"]
[BlackElo "2159"]
[Result "1-0"]
[Round "03"]
[TimeControl "180+1"]
[Date "2022.11.09"]
[WhiteClock "0:00:08"]
[BlackClock "0:00:10"]

1. Nf3 d5 2. c4 e6 3. g3 a6 4. Bg2 dxc4 5. a4 Nc6 6. Qc2 e5 7. Qxc4 Be6 8. Qc2 Nb4 9. Qd1 e4 10. Ng1 Nf6 11. Nc3 Qd4 12. Nh3 Bc5 13. O-O O-O-O 14. Ng5 Bd5 15. Nxd5 Qxd5 16. d3 h6 17. Nxe4 Nxe4 18. Bxe4 Bxf2+ 19. Kxf2 Qh5 20. Kg1 g6 21. Qb3 Qc5+ 22. Kg2 f5 23. Bf3 g5 24. Bd2 Nd5 25. Bxd5 Rxd5 26. Rac1 Qd6 27. Bb4 Qd7 28. Rc5 Rxc5 29. Bxc5 Re8 30. Qc2 Qc6+ 31. Kg1 b6 32. Rc1 bxc5 33. Qxc5 Qxc5+ 34. Rxc5 Rxe2 35. Rxf5 Rxb2 36. Rf6 Rb6 37. Rf7 Rd6 38. Rf3 a5 39. Kf2 Kb7 40. Ke3 Kb6 41. Rf5 c5 42. h4 gxh4 43. gxh4 Kc6 44. Rh5 Re6+ 45. Kd2 Rf6 46. Kc3 Kd6 47. Kc4 Rf4+ 48. Kb5 Rd4 49. Kxa5 Rxd3 50. Rxh6+ Kd5 51. Kb5 Rb3+ 52. Ka6 c4 53. Rh8 Rb4 54. a5 Kc6 55. Rc8+ Kd7 56. Rc5 Kd6 57. Rc8 Kd7 58. Rc5 Kd6 59. Rc8 Kd5 60. h5 c3 61. Rxc3 Rh4 62. Rb3 Rc4 63. Rh3 Kd6 64. h6 Rc6+ 65. Kb5 Rc5+ 66. Kb6 Rc6+ 67. Kb5 Rc5+ 68. Kb4 Rc8 69. h7 Ra8 70. h8=Q Rg8 71. Qxg8 1-0


[Site "https://www.chess.com"]

[Event "Titled Tuesday Blitz November 08 Early 2022"]
[White "Sala, Giulia"]
[Black "Streltsov, Alexey"]
[WhiteFideId "2840451"]
[BlackFideId "24104434"]
[WhiteElo "1769"]
[BlackElo "2558"]
[Result "0-1"]
[Round "03"]
[TimeControl "180+1"]
[Date "2022.11.09"]
[WhiteClock "0:00:17"]
[BlackClock "0:00:25"]

1. e4 c6 2. d4 d5 3. exd5 cxd5 4. Bd3 Nc6 5. c3 Nf6 6. Nf3 Bg4 7. h3 Bh5 8. O-O e6 9. Bf4 Bd6 10. Bxd6 Qxd6 11. Nbd2 Bg6 12. Qc2 Rc8 13. Bxg6 hxg6 14. Rae1 Qf4 15. Re3 Kf8 16. Rfe1 Nxd4 17. Nxd4 Qxd4 18. Nf3 Qf4 19. Qb3 b6 20. Nd4 Kg8 21. Rf3 Qg5 22. Qa4 Qd2 23. Re2 Qc1+ 24. Kh2 Ng4+ 25. Kg3 Qh6 26. Nxe6 Qh4+ 27. Kf4 Ne5+ 28. g4 Rc4+ 29. Qxc4 Nxc4 30. Ng5 Nd6 31. Rfe3 Kf8 32. Nf3 Qxh3 33. Ke5 Nc4+ 34. Kxd5 Nxe3+ 35. Rxe3 Qxg4 36. Kc6 Rh5 37. Ne5 Rxe5 38. Rxe5 Qf3+ 39. Rd5 g5 40. Kd6 g4 41. Rd4 g6 42. Kc7 f5 43. Kb8 Qxf2 44. Kxa7 g3 45. Kxb6 g2 46. a4 g1=Q 47. a5 Qxd4+ 48. cxd4 Qxd4+ 49. Kb5 Qxb2+ 50. Kc6 Qa3 0-1


[Site "https://www.chess.com"]

[Event "Titled Tuesday Blitz November 08 Early 2022"]
[White "Salinas Herrera, Pablo"]
[Black "Goldin, Alexander"]
[WhiteFideId "3407128"]
[BlackFideId "2019540"]
[WhiteElo "2557"]
[BlackElo "2612"]
[Result "1-0"]
[Round "03"]
[TimeControl "180+1"]
[Date "2022.11.09"]
[WhiteClock "0:00:26"]
[BlackClock "0:00:14"]

1. d4 d5 2. c4 e6 3. Nc3 Nf6 4. Bf4 Be7 5. e3 O-O 6. a3 b6 7. cxd5 Nxd5 8. Nxd5 exd5 9. Bd3 c5 10. Nf3 Nc6 11. O-O Be6 12. Qa4 Nb8 13. dxc5 bxc5 14. b4 c4 15. Bb1 Nd7 16. Nd4 Bf6 17. Rd1 a5 18. Ra2 axb4 19. Qxb4 Qb6 20. Qe1 Nc5 21. h3 Ra7 22. Bc2 Rfa8 23. Rb1 Qa5 24. Qd1 Ra6 25. Rb5 Qc3 26. Rxc5 Rxa3 27. Rxa3 Rxa3 28. Nxe6 fxe6 29. Rc8+ Kf7 30. Qh5+ 1-0


[Site "https://www.chess.com"]

[Event "Titled Tuesday Blitz November 08 Early 2022"]
[White "Samadov, Read"]
[Black "Kirillov, Dmitry"]
[WhiteFideId "13417444"]
[BlackFideId "34180572"]
[WhiteElo "2355"]
[BlackElo "2095"]
[Result "1-0"]
[Round "03"]
[TimeControl "180+1"]
[Date "2022.11.09"]
[WhiteClock "0:00:09"]
[BlackClock "0:00:06"]

1. d4 d5 2. c4 e6 3. Nf3 c6 4. g3 dxc4 5. Bg2 b5 6. O-O Bb7 7. Ne5 Nd7 8. Qc2 Bd6 9. Rd1 Qc8 10. Bf4 Ngf6 11. b3 cxb3 12. axb3 Qc7 13. Nxd7 Qxd7 14. Be5 O-O 15. Bxf6 gxf6 16. Nc3 f5 17. e4 fxe4 18. Nxe4 Qe7 19. h4 f6 20. Nc5 Bxc5 21. dxc5 a5 22. Rd6 Qe8 23. Bh3 f5 24. Re1 Rf6 25. Qc3 Qf7 26. Qd4 Qg6 27. h5 Qg7 28. Qd2 Re8 29. Rd7 Re7 30. Rd8+ Rf8 31. Rxf8+ Qxf8 32. Qxa5 e5 33. Qd2 Qf6 34. Qd8+ Kg7 35. Bxf5 Rf7 36. Qxf6+ Kxf6 37. Be4 Rd7 38. Ra1 h6 39. Kg2 Ke6 40. g4 Kf6 41. Kg3 Rd4 42. f3 Rd7 43. Ra7 Bc8 44. Ra8 Bb7 45. Rg8 Rg7 46. Rf8+ Ke7 47. Rb8 Kf6 48. Rh8 Rf7 49. Rxh6+ Ke7 50. Bxc6 Bxc6 51. Rxc6 Kd7 52. Rb6 Kc7 53. Rxb5 Rd7 54. h6 Rh7 55. g5 1-0


[Site "https://www.chess.com"]

[Event "Titled Tuesday Blitz November 08 Early 2022"]
[White "Samunenkov, Ihor"]
[Black "Kollars, Dmitrij"]
[WhiteFideId "14187086"]
[BlackFideId "12909572"]
[WhiteElo "2441"]
[BlackElo "2584"]
[Result "0-1"]
[Round "03"]
[TimeControl "180+1"]
[Date "2022.11.08"]
[WhiteClock "0:00:17"]
[BlackClock "0:00:41"]

1. d4 Nf6 2. c4 e6 3. Nf3 b6 4. g3 Ba6 5. Qa4 Bb7 6. Bg2 c5 7. dxc5 bxc5 8. O-O Be7 9. Nc3 O-O 10. Rd1 d6 11. Be3 Nbd7 12. Bf4 Qb6 13. Rab1 a5 14. a3 Rfd8 15. Qc2 Nf8 16. e4 e5 17. Bg5 Ne6 18. Nd5 Nxd5 19. exd5 Nxg5 20. Nd2 h6 21. Re1 Qc7 22. h4 Nh7 23. Qf5 Bc8 24. Qh5 Nf6 25. Qf3 a4 26. Bf1 Bg4 27. Qc3 Bf5 28. Rbc1 Qd7 29. f3 h5 30. Be2 g6 31. Kh2 Bf8 32. Rg1 Bh6 33. Rcf1 Rab8 34. Bd1 Qb7 35. g4 Qxb2 0-1


[Site "https://www.chess.com"]

[Event "Titled Tuesday Blitz November 08 Early 2022"]
[White "Sanchez, Robert"]
[Black "Hernandez Gonzalez, William"]
[WhiteFideId "2034360"]
[BlackFideId "3509915"]
[WhiteElo "2403"]
[BlackElo "2374"]
[Result "0-1"]
[Round "03"]
[TimeControl "180+1"]
[Date "2022.11.09"]
[WhiteClock "0:00:17"]
[BlackClock "0:01:10"]

1. e4 c5 2. Nf3 d6 3. d4 cxd4 4. Nxd4 Nf6 5. Nc3 g6 6. Be3 a6 7. f3 b5 8. Qd2 Bb7 9. O-O-O Nbd7 10. h4 h5 11. Kb1 Bg7 12. Bd3 Rc8 13. Nce2 Qc7 14. Nc1 Nb6 15. Ndb3 Nfd7 16. Bd4 Bxd4 17. Nxd4 Ne5 18. b3 Qc5 19. Nce2 Nbc4 20. Bxc4 bxc4 21. Rhf1 c3 22. Qc1 a5 23. a4 Ba6 24. Rfe1 Rb8 25. Ka2 O-O 26. g4 hxg4 27. h5 Bxe2 28. Rxe2 Rb4 29. hxg6 Rxd4 30. Qh6 fxg6 31. Rh1 Rxa4+ 32. bxa4 Qc4+ 33. Ka1 Qxa4+ 34. Kb1 Rb8+ 35. Kc1 Qa1# 0-1


[Site "https://www.chess.com"]

[Event "Titled Tuesday Blitz November 08 Early 2022"]
[White "Savic, Miomir"]
[Black "Todev, Simeon"]
[WhiteFideId "934550"]
[BlackFideId "2925133"]
[WhiteElo "2122"]
[BlackElo "1938"]
[Result "0-1"]
[Round "03"]
[TimeControl "180+1"]
[Date "2022.11.09"]
[WhiteClock "0:00:13"]
[BlackClock "0:00:45"]

1. d4 g6 2. c4 Bg7 3. Nc3 d6 4. e4 e5 5. Nf3 Bg4 6. dxe5 Bxf3 7. gxf3 dxe5 8. Qxd8+ Kxd8 9. Bg5+ f6 10. Be3 c6 11. Rd1+ Kc7 12. Bc5 Na6 13. Bd6+ Kc8 14. Bh3+ f5 15. exf5 Nf6 16. fxg6+ Kd8 17. Bf8+ Kc7 18. Bxg7 Rhg8 19. Bxf6 Rxg6 20. Bxe5+ Kb6 21. Na4+ Ka5 22. b3 Re8 23. f4 b5 24. cxb5 cxb5 25. Nc3 Rc6 26. O-O Nb4 27. Nd5 Nxa2 28. Ra1 Rc2 29. Bd7 Rg8+ 30. Kh1 b4 31. Bd6 Rg7 32. Bb5 Kxb5 33. Be5 Rd7 34. Ne3 Re2 35. Nc4 a5 36. Bb2 a4 37. Ne5 Rdd2 38. bxa4+ Kxa4 39. Rxa2+ Kb3 40. Raa1 Rxb2 41. Nd3 Rbd2 42. Rab1+ Kc3 43. Ne5 b3 44. Rfc1+ Rc2 45. Re1 Rxf2 46. Nc6 Rxh2+ 47. Kg1 Rhg2+ 48. Kf1 Rgf2+ 49. Kg1 b2 50. Ne5 Rg2+ 51. Kh1 Rh2+ 52. Kg1 Rcg2+ 53. Kf1 Rc2 54. Re3+ Kd4 55. Ree1 Rh1# 0-1


[Site "https://www.chess.com"]

[Event "Titled Tuesday Blitz November 08 Early 2022"]
[White "Schmakel, Sam"]
[Black "Jones, Gawain C B"]
[WhiteFideId "2039311"]
[BlackFideId "409561"]
[WhiteElo "2356"]
[BlackElo "2657"]
[Result "0-1"]
[Round "03"]
[TimeControl "180+1"]
[Date "2022.11.08"]
[WhiteClock "0:00:02"]
[BlackClock "0:00:07"]

1. Nf3 Nf6 2. b3 g6 3. Bb2 Bg7 4. e3 O-O 5. Be2 d6 6. O-O e5 7. c4 Qe7 8. Nc3 e4 9. Nd4 c5 10. Nc2 Nc6 11. d4 Bf5 12. a3 Rfd8 13. b4 h5 14. Qd2 h4 15. f3 h3 16. g4 exf3 17. gxf5 fxe2 18. Qxe2 cxd4 19. Nxd4 Nxd4 20. exd4 Qxe2 21. Nxe2 g5 22. Rf3 g4 23. Rg3 d5 24. cxd5 Rxd5 25. Rf1 Re8 26. Nc3 Rxd4 27. Nb5 Rd5 28. Nc7 Re4 29. Bxf6 Rd2 30. Bxg7 Kxg7 31. Nb5 Kh6 32. Nc3 Rc4 33. f6 Kh5 34. Rf5+ Kh4 35. Rd5 Rxd5 36. Nxd5 Rc1+ 37. Kf2 Rh1 38. Ke3 Rxh2 39. Rg1 g3 40. Kf3 Rf2+ 41. Ke3 h2 42. Rc1 Rf5 43. Nf4 Kg4 44. Ng2 Rf2 0-1


[Site "https://www.chess.com"]

[Event "Titled Tuesday Blitz November 08 Early 2022"]
[White "Selbes, Tarik"]
[Black "Tarnowska, Aleksandra"]
[WhiteFideId "6302513"]
[BlackFideId "1180967"]
[WhiteElo "2290"]
[BlackElo "1776"]
[Result "1-0"]
[Round "03"]
[TimeControl "180+1"]
[Date "2022.11.09"]
[WhiteClock "0:01:09"]
[BlackClock "0:00:18"]

1. Nf3 d5 2. d4 Nf6 3. c4 c6 4. Nc3 Bf5 5. cxd5 cxd5 6. Qb3 Qb6 7. Qxb6 axb6 8. e3 e6 9. Nb5 Na6 10. a3 Be7 11. Bd2 O-O 12. Be2 Rac8 13. O-O Ne4 14. Rfc1 Nd6 15. Ne5 Nb8 16. Bb4 Rxc1+ 17. Rxc1 Rd8 18. Nxd6 Na6 19. Bxa6 bxa6 20. Nxf5 Bxb4 1-0


[Site "https://www.chess.com"]

[Event "Titled Tuesday Blitz November 08 Early 2022"]
[White "Seletsky, Grigory"]
[Black "Steen, Bobby"]
[WhiteFideId "14112191"]
[BlackFideId "2053870"]
[WhiteElo "2492"]
[BlackElo "2137"]
[Result "1-0"]
[Round "03"]
[TimeControl "180+1"]
[Date "2022.11.09"]
[WhiteClock "0:00:48"]
[BlackClock "0:00:15"]

1. e4 c5 2. Nf3 d6 3. d4 cxd4 4. Nxd4 Nf6 5. Nc3 a6 6. f3 e5 7. Nb3 Be6 8. Be3 Nbd7 9. Qd2 Qc7 10. Nd5 Nxd5 11. exd5 Bf5 12. c4 Be7 13. Be2 O-O 14. O-O Rac8 15. Rac1 Bf6 16. Rfd1 Rfe8 17. Na5 e4 18. f4 Bxb2 19. Qxb2 Qxa5 20. Qxb7 Qxa2 21. Bf1 Nf6 22. h3 Qa3 23. Qb6 Rb8 24. Qd4 Rb3 25. Ra1 Qb4 26. Rxa6 Nh5 27. g4 Nxf4 28. Bxf4 Bc8 29. Bxd6 Qb7 30. Rc6 e3 31. Re1 e2 32. Rxe2 Rxe2 33. Bxe2 Rxh3 34. Kg2 Rb3 35. Rc7 Qa6 36. Qe5 h6 37. Qe8+ Kh7 38. Qxf7 Qa1 39. Rxc8 Rb1 40. Bd3# 1-0


[Site "https://www.chess.com"]

[Event "Titled Tuesday Blitz November 08 Early 2022"]
[White "Sernecki, Franciszek"]
[Black "Velikanov, Alexander"]
[WhiteFideId "1169297"]
[BlackFideId "2039290"]
[WhiteElo "2210"]
[BlackElo "2259"]
[Result "1-0"]
[Round "03"]
[TimeControl "180+1"]
[Date "2022.11.09"]
[WhiteClock "0:00:03"]
[BlackClock "0:00:05"]

1. c4 Nf6 2. Nc3 g6 3. e4 Bg7 4. g3 c6 5. Bg2 d5 6. Nge2 d4 7. Nb1 d3 8. Nf4 e5 9. Nh3 Qd4 10. O-O Nxe4 11. Nc3 Nc5 12. b3 Bg4 13. Qe1 O-O 14. Bb2 Qd7 15. Ng5 h6 16. f3 hxg5 17. fxg4 Qxg4 18. Ne4 Nbd7 19. Qe3 Nxe4 20. Bxe4 Rad8 21. Bxd3 b6 22. Be2 Qe6 23. Qxg5 Nc5 24. Rad1 Nd3 25. Ba1 e4 26. Bxg7 Kxg7 27. Qe3 Rd7 28. Bxd3 Rxd3 29. Qe2 Rfd8 30. Rde1 f5 31. Rf2 Qd6 32. g4 Qe5 33. gxf5 gxf5 34. Rg2+ Kf6 35. Qh5 Ke6 36. Qh7 Kd6 37. Rg6+ Kc5 38. a3 Rxd2 39. Qxa7 Kd4 40. Qxb6+ Kc3 41. Qb4+ Kc2 42. Rg3 Qd4+ 43. Kh1 Qf2 44. Qc3# 1-0


[Site "https://www.chess.com"]